 Dungeon Crawl Stone Soup version 0.27-a0-597-g524d869a0f (webtiles) character file.

Game seed: 7958831365943875439

102 pokeman the Magician (level 4, -3/25 HPs)
             Began as a Deep Elf Hedge Wizard on Mar 11, 2021.
             Asphyxiated
             ... on level 3 of the Dungeon.
             The game lasted 00:05:41 (3703 turns).

pokeman the Magician (Deep Elf Hedge Wizard)        Turns: 3703, Time: 00:05:42

Health: -3/25      AC:  4    Str:  7    XL:     4   Next: 50%
Magic:  2/13       EV: 12    Int: 20    God:
Gold:   137        SH:  5    Dex: 14    Spells: 3/14 levels left

rFire    . . .     SeeInvis .   l - +2 short sword (holy)
rCold    . . .     Faith    .   (no shield)
rNeg     . . .     Spirit   .   c - +0 leather armour
rPois    .         Reflect  +   k - +0 helmet
rElec    .         Harm     .   (no cloak)
rCorr    .         Rampage  .   (no gloves)
Will     .....                  (no boots)
Stlth    ++........             n - amulet of reflection
HPRegen  0.08/turn              (no ring)
MPRegen  0.13/turn              (no ring)

@: lethally poisoned (-3 -> -23), flying, very slightly contaminated, slowed,
invisible, very slow
A: no striking features
a: no special abilities


You were on level 3 of the Dungeon.
You visited 1 branch of the dungeon, and saw 3 of its levels.

You collected 137 gold pieces.

Inventory:

Hand Weapons
 l - a +2 short sword of holy wrath (weapon)
Missiles
 b - 44 arrows
Armour
 c - a +0 leather armour (worn)
 k - a +0 helmet (worn)
Jewellery
 n - an amulet of reflection (around neck)
Scrolls
 a - a scroll of immolation {unknown}
 e - 2 scrolls of fear {unknown}
 f - a scroll of enchant weapon {unknown}
 g - 3 scrolls of teleportation {unknown}
 h - 2 scrolls of amnesia {unknown}
 m - a scroll of enchant armour {unknown}


   Skills:
 - Level 1.0 Fighting
 - Level 1.0 Armour
 + Level 2.8 Dodging
 - Level 2.4 Stealth
 * Level 5.8 Spellcasting
 + Level 2.2 Conjurations
 - Level 1.1 Summonings
 - Level 1.1 Translocations
 + Level 0.8 Fire Magic


You had 3 spell levels left.
You knew the following spells:

 Your Spells              Type           Power      Damage    Failure   Level
a - Magic Dart            Conj           56%        1d5       6%          1
b - Mephitic Cloud        Conj/Pois/Air  8%         N/A       34%         3
c - Call Imp              Summ           10%        N/A       16%         2
d - Blink                 Tloc           N/A        N/A       16%         2
e - Conjure Flame         Conj/Fire      12%        6-21      24%         3

Your spell library contained the following spells:

 Spells                   Type           Power      Damage    Failure   Level
 Slow                     Hex            5%         N/A       24%         2


Dungeon Overview and Level Annotations

Branches:
Dungeon (3/15)

Altars:
Nemelex Xobeh
Uskayaw

Annotations:
D:3 2 transporters, TwistedFlax's ghost, amateur GrFi


Message History

Your shadow imp hits the kobold brigand but does no damage.
The kobold brigand misses your shadow imp.
Your shadow imp closely misses the kobold brigand.
TwistedFlax's ghost lets out a mournful wail.
The kobold brigand hits your shadow imp.
Your shadow imp closely misses the kobold brigand.
The kobold brigand hits your shadow imp.
Your shadow imp barely misses the kobold brigand.
The kobold brigand throws a curare-tipped dart.
The curare-tipped dart misses your shadow imp.
The curare-tipped dart hits you.
You are lethally poisoned!
You have difficulty breathing.
* * * LOW HITPOINT WARNING * * *
You feel as though you will be slow longer.
Okay, then.
It was a potion of flight.
You feel very buoyant.
You fly up into the air.
* * * LOW HITPOINT WARNING * * *
You feel sick.
Your shadow imp barely misses the kobold brigand.
The kobold brigand misses your shadow imp.
Your shadow imp gestures at the kobold brigand.
The kobold brigand struggles to resist.
It was a potion of invisibility.
You fade into invisibility!
* * * LOW HITPOINT WARNING * * *
You feel sick.
The kobold brigand hits your shadow imp.
Your shadow imp hits the kobold brigand.
The kobold brigand hits your shadow imp.
Your shadow imp dies!
* * * LOW HITPOINT WARNING * * *
You feel sick.
The kobold brigand throws a curare-tipped dart.
The curare-tipped dart hits you.
You are more poisoned.
You have difficulty breathing.
You die...

.#.######.##...# #.#
.#............####.#####.#
.#..#########..#.K.......#
.#.##......©##.#K#########
.#.#8..#.#..8#.#.#
.#.#..#...#.W#.#.#
...#........g#...########
..©#....©...l#©..........
...#.........#..@########
...#..#...#..#.#.######
#..#8..#.#..8#........#
#..##.......##.#......#
##..#########.........#
##>..............######
#############....#
#############....#
.......(..).######


You could see a kobold brigand, TwistedFlax's ghost, a leopard gecko, a goblin
and a kobold.

Vanquished Creatures
  3 adders
  A worm (D:2)
  A dart slug (D:1)
  A leopard gecko (D:1)
  An orc (D:3)
  5 giant cockroaches
  11 goblins
  6 hobgoblins
  3 jackals (D:1)
  2 ball pythons
  11 bats
  8 frilled lizards
  8 kobolds
  6 rats
67 creatures vanquished.

Notes
Turn   | Place    | Note
-------+----------+-------------------------------------------
     0 | D:1      | pokeman the Deep Elf Hedge Wizard began the quest for the
                  | Orb.
     0 | D:1      | Reached XP level 1. HP: 10/10 MP: 7/7
   249 | D:1      | Reached XP level 2. HP: 16/16 MP: 5/9
   900 | D:1      | Reached skill level 5 in Spellcasting
  1226 | D:1      | Reached XP level 3. HP: 20/20 MP: 3/11
  1230 | D:1      | Learned a level 3 spell: Mephitic Cloud
  1233 | D:1      | Learned a level 2 spell: Call Imp
  1236 | D:1      | Learned a level 2 spell: Blink
  1240 | D:1      | Learned a level 3 spell: Conjure Flame
  1797 | D:2      | Reached skill level 1 in Fighting
  1865 | D:2      | Reached skill level 1 in Armour
  2100 | D:2      | You fall into a shaft and drop 1 floor!
  2140 | D:2      | Reached XP level 4. HP: 23/25 MP: 2/13
  2445 | D:2      | You fall into a shaft and drop 1 floor!
  2587 | D:2      | Found a sparkling altar of Nemelex Xobeh.
  3054 | D:3      | Found a transporter.
  3059 | D:3      | Noticed TwistedFlax's ghost (amateur GrFi)
  3479 | D:3      | Found a transporter.
  3677 | D:3      | Found a hide-covered altar of Uskayaw.
  3677 | D:3      | Noticed a kobold brigand
  3697 | D:3      | HP: 1/25 [asphyx]
  3703 | D:3      | Asphyxiated

Illustrated notes

Levels and vault maps discovered:
D:1:      nicolae_arrival_memento_mori, layout_loops_cross
D:2:      layout_basic, nemelex_diamond_rough_becter
D:3:      layout_basic, nicolae_uskayaw_dance_studio, gammafunk_ghost_arena

Skill      XL: |  1  2  3 |
---------------+----------+-----
Spellcasting   | 5 |  5.8
Fighting       | 1 |  1.0
Armour         | 1 |  1.0
Conjurations   | 2 |  2.2
Dodging        | |  2.8
Stealth        | |  2.4
Summonings     | |  1.1
Translocations | |  1.1
Fire Magic     | |  0.8

Action                   |  1- 3 |  4- 6 || total
-------------------------+-------+-------++-------
Melee: Dagger            |    15 |       ||    15
       Short sword       |       |     5 ||     5
 Cast: Magic Dart        |   129 |    47 ||   176
       Call Imp          |       |     1 ||     1
  Use: Potion            |       |     4 ||     4
 Stab: Sleeping          |       |     1 ||     1
Armor: Robe              |    17 |     1 ||    18
       Leather armour    |       |     1 ||     1
Dodge: Dodged            |    28 |    11 ||    39
Block: Other             |       |     4 ||     4
       Reflection        |       |     1 ||     1

Table legend: (Time is in decaauts)
 A = Elapsed time spent in this place.
 B = Non-inter-level travel time spent in this place.
 C = Inter-level travel time spent in this place.
 D = Time resting spent in this place.
 E = Time spent auto-exploring this place.
 F = Levels seen in this place.
 G = Mean time per level.
                   A        B        C        D        E       F      G
               +--------+--------+--------+--------+--------+-----+--------+
         Total |   3713 |   3626 |     87 |     87 |   3100 |   3 | 1237.7 |
       Dungeon |   3713 |   3626 |     87 |     87 |   3100 |   3 | 1237.7 |
               +--------+--------+--------+--------+--------+-----+--------+

Top non-repeatable levels by time:
     D:1: 1616 daAuts
     D:2: 1350 daAuts
     D:3: 746 daAuts
